 Dungeon Crawl Stone Soup version 0.10.4 character file.

193 Jannitor the Skirmisher (level 3, 0/28 HPs)
             Began as a Demonspawn Chaos Knight on Aug 23, 2017.
             Was a Plaything of Xom.
             Slain by Terence
             ... wielding a +1,+2 trident of dragon slaying
              (9 damage)
             ... on Level 2 of the Dungeon.
             The game lasted 00:04:12 (1283 turns).

Jannitor the Skirmisher (Demonspawn Chaos Knight)   Turns: 1283, Time: 00:04:12

HP   0/28        AC  6     Str 12      XL: 3   Next: 36%
MP   1/3         EV 10     Int 13      God: Xom
Gold 148         SH  0     Dex 13      Spells:  0 memorised,  2 levels left

Res.Fire  : . . .   See Invis. : .   a - +2 mace
Res.Cold  : . . .   Warding    : . . b - +2 leather armour
Life Prot.: . . .   Conserve   : .   (no shield)
Res.Acid. : . . .   Res.Corr.  : .   (helmet restricted)
Res.Poison: .       Clarity    : .   (no cloak)
Res.Elec. : .       Spirit.Shd : .   p - +0 pair of gauntlets
Sust.Abil.: . .     Stasis     : .   (no boots)
Res.Mut.  : .       Ctrl.Telep.: .   (no amulet)
Res.Rott. : .       Levitation : .   (no ring)
Saprovore : . . .   Ctrl.Flight: .   e - ring of invisibility

@: invisible, nauseated, very slightly contaminated, not resistant to hostile
enchantments, unstealthy
A: horns 1
a: Renounce Religion, Turn Visible


You were on level 2 of the Dungeon.
You worshipped Xom.
You were Xom's teddy bear.
You were very hungry.

You visited 1 branch of the dungeon, and saw 2 of its levels.

You collected 128 gold pieces.

Inventory:

Hand weapons
 a - a +2,+2 mace (weapon)
Missiles
 i - 28 +1 darts (quivered)
 o - 18 silver +0 darts
Armour
 b - a +2 leather armour (worn)
 g - a +1 leather armour
 h - a +1 helmet
 p - a +0 pair of gauntlets (worn)
Comestibles
 c - 2 bread rations
 d - a choko
 n - 2 chunks of goblin flesh
Scrolls
 f - a scroll of enchant armour {unknown}
 j - a scroll of identify {unknown}
 k - a scroll of curse weapon {unknown}
 q - a scroll of random uselessness {unknown}
Jewellery
 e - a ring of invisibility (left hand)
Potions
 l - a potion of restore abilities {unknown}
 m - a potion of curing


   Skills:
 + Level 3.7 Fighting
 + Level 3.6 Maces & Flails
 + Level 2.0 Throwing
 - Level 1.7 Armour
 - Level 0.8 Dodging
 + Level 1.0 Evocations


You had 2 spell levels left.
You didn't know any spells.

Dungeon Overview and Level Annotations

Branches:
Dungeon (2/27)

Altars:
Cheibriados

Annotations
D:2 Terence


Innate Abilities, Weirdness & Mutations

You have a pair of small horns on your head.


Message History

You hit Terence. You headbutt Terence, but do no damage.
Terence is moderately wounded.
Terence hits you with a runed trident.
You hit Terence but do no damage.
Terence is moderately wounded.
Terence closely misses you.
You barely miss Terence.
Terence is moderately wounded.
Terence barely misses you.
You hit Terence.
Terence is severely wounded.
Terence closely misses you.
You barely miss Terence.
Terence is heavily wounded.
Terence hits you with a runed trident.
You hit Terence. Your headbutt misses Terence.
Terence is severely wounded.
Terence hits you with a runed trident!
You die... "I guess I need a new plaything now."

.........................
##........#####.####.###.
##...#.##............#
##...# ########.######
##.... #.# ##...## #.#
#.#.# #.# #.# #.########.
#.@@....... ###########


You could see Terence.

Vanquished Creatures
  An adder (D:2)
  A bat (D:1)
  2 giant cockroaches (D:2)
  6 hobgoblins
  5 jackals
  6 giant newts
  5 goblins
  4 kobolds
  6 rats
36 creatures vanquished.

Notes
Turn   | Place    | Note
--------------------------------------------------------------
     0 | D:1      | Jannitor, the Demonspawn Chaos Knight, began the quest for the Orb.
     0 | D:1      | Reached XP level 1. HP: 16/16 MP: 1/1
   216 | D:1      | XOM: potion effect (might)
   454 | D:1      | XOM: miscast effect
   489 | D:1      | Gained mutation: You have a pair of small horns on your head.
   489 | D:1      | Reached XP level 2. HP: 19/22 MP: 2/2
   541 | D:1      | Reached skill level 1 in Throwing
   730 | D:1      | XOM: god gift: bread ration
   750 | D:1      | XOM: miscast effect
  1086 | D:2      | XOM: swap monsters
  1089 | D:2      | Reached skill level 1 in Evocations
  1089 | D:2      | Reached XP level 3. HP: 14/28 MP: 3/3
  1229 | D:2      | Found a snail-covered altar of Cheibriados.
  1269 | D:2      | Noticed Terence
  1283 | D:2      | Slain by Terence
